 Dungeon Crawl Stone Soup version 0.27-a0-860-gaf99fae3ca (webtiles) character file.

Game seed: 7287908309822329092

48975 robertstho the Brawler (level 14, -5/141 HPs)
             Began as a Troll Delver on Apr 1, 2021.
             Was an Initiate of Gozag.
             Slain by an eight-headed hydra (6 damage)
             ... on level 6 of the Lair of Beasts.
             The game lasted 00:29:02 (16538 turns).

robertstho the Brawler (Troll Delver)              Turns: 16538, Time: 00:29:03

Health: -5/141     AC:  9    Str: 48    XL:     14   Next: 14%
Magic:  0/23       EV:  9    Int: 19    God:    Gozag
Gold:   3215       SH: 20    Dex: 11    Spells: 13/13 levels left

rFire    . . .     SeeInvis .   H - +8 flail of Demand {speed, *Corrode rN+ Str+9 Int+4}
rCold    . . .     Faith    .   P - +0 tower shield
rNeg     + . .     Spirit   +   R - +0 robe "Miapy" {rPois Int+4}
rPois    +         Reflect  .   e - +3 hat of Pondering {ponderous, Will+ MP+10 Int+5}
rElec    .         Harm     .   g - +1 cloak {rCorr}
rCorr    +         Rampage  .   (gloves unavailable)
Will     ++...                  (boots unavailable)
Stlth    ++........             r - amulet of guardian spirit
HPRegen  1.33/turn              i - +6 ring of strength
MPRegen  0.18/turn              p - +6 ring of strength

@: slow
A: large, unfitting armour, claws 3, regeneration 1, shaggy fur 1, tough skin 1
a: Renounce Religion, Potion Petition, Call Merchant, Bribe Branch


You were on level 6 of the Lair of Beasts.
You worshipped Gozag.
Gozag was most pleased with you.
You visited 3 branches of the dungeon, and saw 16 of its levels.

You collected 4284 gold pieces.
You spent 272 gold pieces at shops.
You paid 797 gold pieces to Gozag.

Inventory:

Hand Weapons
 s - a +5 spear
 H - the +8 flail of Demand (weapon) {speed, *Corrode rN+ Str+9 Int+4}
   (You bought it in a shop on level 8 of the Dungeon)

   Attacks with this weapon are significantly faster.
   It affects your strength (+9).
   It affects your intelligence (+4).
   It protects you from negative energy.
   It may corrode you when you take damage.
Missiles
 x - 5 throwing nets (quivered)
 O - 7 curare-tipped darts
Armour
 e - the +3 hat of Pondering (worn) {ponderous, Will+ MP+10 Int+5}
   (You took it off Gastronok on level 3 of the Lair of Beasts)

   It affects your intelligence (+5).
   It affects your magic capacity (+10).
   It increases your willpower.
 g - a +1 cloak of preservation (worn)
 w - a +2 robe of cold resistance
 G - +0 steam dragon scales
 J - a +2 robe of fire resistance
 P - a +0 tower shield (worn)
 R - the +0 robe "Miapy" (worn) {rPois Int+4}
   (You found it on level 3 of the Lair of Beasts)

   It affects your intelligence (+4).
   It protects you from poison.
Jewellery
 i - a +6 ring of strength (left claw)
 k - a ring of fire
 p - a +6 ring of strength (right claw)
 q - a ring of resist corrosion
 r - an amulet of guardian spirit (around neck)
 y - an amulet of regeneration
 A - a ring of willpower
 C - a +6 ring of dexterity
 V - a ring of positive energy
Wands
 f - a wand of digging (5)
 D - a wand of polymorph (12)
 F - a wand of iceblast (3)
 Q - a wand of mindburst (8)
 U - a wand of paralysis (14)
Scrolls
 b - 3 scrolls of fog
 c - 4 scrolls of magic mapping
 h - 10 scrolls of teleportation
 m - 2 scrolls of amnesia
 n - 6 scrolls of enchant armour {unknown}
 o - 2 scrolls of vulnerability {unknown}
 u - 3 scrolls of silence
 B - a scroll of enchant weapon {unknown}
 L - a scroll of immolation
Potions
 d - a potion of ambrosia {unknown}
 j - 3 potions of attraction
 l - 5 potions of curing
 t - 4 potions of lignification
 v - 5 potions of mutation
 z - a potion of berserk rage
 E - a potion of magic
 I - a potion of flight
 M - a potion of might
 N - a potion of cancellation
 S - a potion of haste
Miscellaneous
 K - a condenser vane (inert)


   Skills:
 * Level 9.8 Fighting
 * Level 11.0 Maces & Flails
 + Level 7.7 Dodging
 - Level 2.7 Stealth
 + Level 5.2 Shields
 + Level 15.0 Unarmed Combat
 + Level 1.1 Evocations


You had 13 spell levels left.
You didn't know any spells.
Your spell library contained the following spells:

 Spells                   Type           Power      Damage    Failure   Level
 Freeze                   Ice            0%         1d3       86%         1
 Magic Dart               Conj           0%         1d3       86%         1
 Sandblast                Erth           0%         2d4       86%         1
 Blink                    Tloc           N/A        N/A       94%         2
 Call Imp                 Summ           0%         N/A       94%         2
 Passwall                 Tmut/Erth      0%         N/A       94%         2
 Slow                     Hex            0%         N/A       94%         2
 Conjure Flame            Conj/Fire      0%         6-21      99%         3
 Frozen Ramparts          Ice            0%         1d2       99%         3
 Ignite Poison            Fire/Tmut/Pois 0%         N/A       99%         3
 Mephitic Cloud           Conj/Pois/Air  0%         N/A       99%         3
 Ozocubu's Armour         Ice            0%         N/A       99%         3
 Stone Arrow              Conj/Erth      0%         3d7       99%         3
 Hailstorm                Conj/Ice       0%         3d3       100%        4
 Petrify                  Tmut/Erth      0%         N/A       100%        4
 Summon Ice Beast         Ice/Summ       0%         N/A       100%        4
 Fireball                 Conj/Fire      0%         3d3       100%        5
 Lee's Rapid Deconstruct  Erth           0%         3d5*      100%        5
 Lightning Bolt           Conj/Air       0%         1d11      100%        5
 Conjure Ball Lightning   Conj/Air       0%         3x3d6     100%        6
 Iron Shot                Conj/Erth      0%         9d1       100%        6
 Starburst                Conj/Fire      0%         8x6d3     100%        6
 Ignition                 Fire           0%         3d3       100%        8


Dungeon Overview and Level Annotations

Branches:
Dungeon (9/15)             Temple (1/1) D:7            Lair (6/6) D:8
  Swamp (0/4) Lair:2        Snake (0/4) Lair:2        Slime (0/5) Lair:6
    Orc: D:9-12

Altars:
Ashenzari
Cheibriados
Dithmenos
Elyvilon
Fedhas
Gozag
Hepliaklqana
Kikubaaqudgha
Makhleb
Nemelex Xobeh
Okawaru
Qazlal
Ru
Sif Muna
Trog
Uskayaw
Vehumet
Wu Jian
Xom
Yredelemnul
Zin
The Shining One
Jiyva

Shops:
D:8 (

Annotations:
D:4 2 transporters, bronco's ghost, amateur HuGl
D:7 1 runed translucent door
D:9 exclusion: ice statue


Innate Abilities, Weirdness & Mutations

You are too large for most types of armour.
You have claws for hands.
Your natural rate of healing is unusually fast.
You are covered in fur. (AC +1)
You have tough skin. (AC +1)


Message History

The eight-headed hydra barely misses you.
You block the eight-headed hydra's attack.
The eight-headed hydra bites you.
The eight-headed hydra bites you but does no damage.
Aiming: Mindburst
Press: ? - help, Shift-Dir - straight line, f/p - eight-headed hydra
Aim: an eight-headed hydra (heavily wounded, chance to affect: 36%)
The eight-headed hydra easily resists.
The eight-headed hydra bites you. The eight-headed hydra bites you!
* * * LOW HITPOINT WARNING * * *
You block the eight-headed hydra's attack.
The eight-headed hydra closely misses you.
You block the eight-headed hydra's attack. x2
The eight-headed hydra bites you!
* * * LOW HITPOINT WARNING * * *
The eight-headed hydra bites you!
* * * LOW HITPOINT WARNING * * *
As you read the scroll of fear, it crumbles to dust.
You assume a fearsome visage.
The eight-headed hydra easily resists.
You block the eight-headed hydra's attack.
The eight-headed hydra closely misses you.
The eight-headed hydra bites you!
* * * LOW HITPOINT WARNING * * *
You block the eight-headed hydra's attack.
The eight-headed hydra bites you.
* * * LOW HITPOINT WARNING * * *
You block the eight-headed hydra's attack.
The eight-headed hydra bites you.
* * * LOW HITPOINT WARNING * * *
You block the eight-headed hydra's attack.
Okay, then.
As you read the scroll labelled GEOCLO ADE KOE, it crumbles to dust.
It is a scroll of amnesia.
You feel forgetful for a moment.
You block the eight-headed hydra's attack. x2
The eight-headed hydra bites you!
* * * LOW HITPOINT WARNING * * *
The eight-headed hydra bites you!
You die...
Your body crumbles into a pile of gold.

....#. .. .P#.....#... ......
.##....# ... ###....#... ...##..
#.#....# #.#.##...#####
..##.#.###.....######(.##...####.
..#P..#................##........
.................................
.................................
....................[............
................@D...............
..............(#P..#........P....
......#...#...###.#.##..P....#.#.
..###.####.....#.......##....#.P.
...###.###............P.....#....
..##P...##.......................
..##.....#^....#.................
..............#.#.....##......P..
..P..#####.....#...#...#....###..


You could see an eight-headed hydra.

Vanquished Creatures
  Gastronok (Lair:3)
  A boulder beetle (Lair:6)
  6 hydras
  Erolcha (D:9)
  Harold (D:8)
  A two-headed ogre (D:7)
  2 death yaks
  Sonja (Lair:6)
  Nergalle (Lair:1)
  2 lindwurms (Lair:6)
  A manticore (Lair:5)
  4 elephants (Lair:4)
  2 black mambas
  A torpor snail (Lair:4)
  Joseph (D:8)
  Maggie (D:8)
  15 cane toads
  7 komodo dragons
  13 rime drakes
  A troll (D:9)
  2 polar bears
  6 dream sheep (Lair:6)
  20 blink frogs
  41 yaks
  12 wyverns
  A wraith (D:9)
  6 basilisks
  3 hogs (D:9)
  A human (D:9)
  Grum (D:9)
  A steam dragon (D:8)
  2 nagas (Lair:2)
  4 swamp worms (Lair:5)
  An acid dragon (D:9)
  13 water moccasins
  Duvessa (D:6)
  A black bear (Lair:1)
  3 orc warriors
  4 sky beasts
  2 necrophages
  4 ogres
  A swamp drake (Lair:2)
  33 wolves
  2 centaurs (D:7)
  A kobold brigand (D:6)
  A gnoll sergeant (D:6)
  6 scorpions
  13 bullfrogs
  Dowan (D:6)
  A water moccasin zombie (D:6)
  6 killer bees (D:9)
  2 water moccasin skeletons (D:5)
  9 wights
  2 howler monkeys
  2 bullfrog zombies
  2 centaur zombies
  2 hounds
  2 jellies
  3 orc priests
  2 bullfrog skeletons (D:5)
  A gnoll shaman (D:7)
  An iguana (Lair:2)
  9 orc wizards
  10 hell rats
  3 howler monkey skeletons
  3 howler monkey zombies
  10 gnolls
  5 adders
  A shadow imp (D:7)
  A white imp (D:8)
  A worm (D:2)
  42 orcs
  A bat (D:2)
  5 endoplasms
  3 giant cockroaches
  4 goblins
  6 hobgoblins
  4 jackals (D:3)
  2 quokkas
  7 ball pythons
  2 frilled lizards (D:1)
  10 kobolds
  8 rats
422 creatures vanquished.

Vanquished Creatures (others)
  2 bushes
  37 fungi
  87 plants
126 creatures vanquished.

Grand Total: 548 creatures vanquished

Notes
Turn   | Place    | Note
-------+----------+-------------------------------------------
     0 | D:5      | robertstho the Troll Delver began the quest for the Orb.
     0 | D:5      | Reached XP level 1. HP: 22/22 MP: 0/0
    88 | D:5      | Reached XP level 2. HP: 17/31 MP: 1/1
    88 | D:5      | Reached XP level 3. HP: 21/37 MP: 2/2
   118 | D:5      | Reached skill level 3 in Unarmed Combat
   118 | D:5      | Reached XP level 4. HP: 29/45 MP: 3/3
   152 | D:5      | Noticed a sky beast
   169 | D:5      | Killed a sky beast
   170 | D:5      | Reached skill level 4 in Unarmed Combat
   170 | D:5      | Reached XP level 5. HP: 22/54 MP: 4/4
   223 | D:5      | Noticed a sky beast
   240 | D:5      | Killed a sky beast
   241 | D:5      | Reached XP level 6. HP: 25/62 MP: 5/5
   353 | D:5      | Reached skill level 5 in Unarmed Combat
   484 | D:5      | Reached XP level 7. HP: 71/71 MP: 6/6
   590 | D:4      | You fall into a shaft and drop 1 floor!
   705 | D:4      | Reached skill level 6 in Unarmed Combat
   756 | D:4      | Found a transporter.
   772 | D:4      | Found a transporter.
   773 | D:4      | Noticed bronco's ghost (amateur HuGl)
   974 | D:4      | Reached skill level 7 in Unarmed Combat
  1229 | D:4      | Reached XP level 8. HP: 37/79 MP: 7/7
  1575 | D:3      | Found a stormy altar of Qazlal.
  1772 | D:3      | Found a shadowy altar of Dithmenos.
  2843 | D:2      | Reached skill level 8 in Unarmed Combat
  3252 | D:1      | Found a faded altar of an unknown god.
  3444 | D:1      | Identified a scroll of acquirement
  3445 | D:1      | Acquired a +1 cloak of preservation
  3707 | D:6      | Noticed Duvessa
  3710 | D:6      | Noticed Dowan
  3713 | D:6      | Killed Duvessa
  3714 | D:6      | Reached skill level 5 in Fighting
  3717 | D:6      | Killed Dowan
  3718 | D:6      | Reached skill level 9 in Unarmed Combat
  3914 | D:6      | Reached XP level 9. HP: 58/88 MP: 3/8
  3984 | D:6      | Found a shimmering blue altar of Sif Muna.
  4173 | D:6      | Reached skill level 10 in Unarmed Combat
  4575 | D:7      | Noticed a two-headed ogre
  4584 | D:7      | Killed a two-headed ogre
  4659 | D:7      | Reached skill level 11 in Unarmed Combat
  4902 | D:7      | Found a staircase to the Ecumenical Temple.
  5126 | D:7      | Found a runed translucent door.
  5138 | D:7      | Found a burning altar of Makhleb.
  5138 | D:7      | Noticed a sixfirhy
  6008 | Temple   | Entered the Ecumenical Temple
  6074 | Temple   | Became a worshipper of Gozag Ym Sagoz the Greedy
  6223 | D:8      | Noticed Maggie
  6227 | D:8      | Noticed Harold
  6228 | D:8      | Noticed a death yak
  6228 | D:8      | Noticed a death yak
  6237 | D:8      | Killed Maggie
  6238 | D:8      | Reached XP level 10. HP: 35/98 MP: 2/9
  6298 | D:8      | Noticed Joseph
  6307 | D:8      | Killed Joseph
  6308 | D:8      | Reached skill level 12 in Unarmed Combat
  6473 | D:8      | Killed Harold
  6582 | D:8      | Noticed a death yak
  6590 | D:8      | Killed a death yak
  6591 | D:8      | Reached skill level 13 in Unarmed Combat
  6653 | D:8      | Found a staircase to the Lair.
  7280 | D:8      | Reached skill level 5 in Dodging
  7292 | D:8      | Found a sacrificial altar of Ru.
  7590 | D:9      | Found a basalt altar of Yredelemnul.
  7591 | D:9      | Found a hide-covered altar of Uskayaw.
  7593 | D:9      | Found a glowing golden altar of the Shining One.
  7930 | D:9      | Found a radiant altar of Vehumet.
  7944 | D:9      | Reached XP level 11. HP: 107/107 MP: 10/10
  7954 | D:9      | Reached skill level 14 in Unarmed Combat
  8007 | D:9      | Noticed Erolcha
  8012 | D:9      | Killed Erolcha
  8037 | D:9      | Noticed Grum
  8045 | D:9      | Killed Grum
  8732 | D:8      | Bought a faintly glowing flail for 272 gold pieces
  8732 | D:8      | Identified the +8 flail of Demand {speed, *Corrode rN+
                  | Str+9 Int+4} (You bought it in a shop on level 8 of the
                  | Dungeon)
  8735 | Lair:1   | Entered Level 1 of the Lair of Beasts
  8738 | Lair:1   | Noticed a five-headed hydra
  8908 | Lair:1   | Noticed a five-headed hydra
  8914 | Lair:1   | Killed a five-headed hydra
  8915 | Lair:1   | Reached skill level 1 in Maces & Flails
  9086 | Lair:1   | Noticed Nergalle
  9097 | Lair:1   | Killed Nergalle
  9152 | Lair:1   | Reached skill level 15 in Unarmed Combat
  9201 | Lair:1   | Found a stormy altar of Qazlal.
  9319 | Lair:1   | Noticed a six-headed hydra
  9606 | Lair:1   | Reached XP level 12. HP: 101/118 MP: 9/11
  9785 | Lair:1   | Killed a six-headed hydra
  9856 | Lair:1   | Reached skill level 5 in Maces & Flails
 10139 | Lair:2   | Noticed a seven-headed hydra
 10146 | Lair:2   | Killed a seven-headed hydra
 10207 | Lair:2   | Killed a five-headed hydra
 10214 | Lair:2   | Found a staircase to the Swamp.
 10286 | Lair:2   | Found a staircase to the Snake Pit.
 10488 | Lair:2   | Reached skill level 1 in Evocations
 11214 | Lair:3   | Noticed Gastronok
 11236 | Lair:3   | Killed Gastronok
 11501 | Lair:3   | Reached skill level 1 in Shields
 11757 | Lair:3   | Identified the +0 robe "Miapy" {rPois Int+4}
 12286 | Lair:3   | Noticed an eight-headed hydra
 12295 | Lair:3   | Killed an eight-headed hydra
 12729 | Lair:4   | Reached XP level 13. HP: 120/128 MP: 12/12
 14323 | Lair:5   | Reached skill level 10 in Maces & Flails
 14608 | Lair:5   | Identified the Catalogue of Dusty Damage Dealing
 15388 | Lair:6   | Entered Level 6 of the Lair of Beasts
 15405 | Lair:6   | Noticed Sonja
 15593 | Lair:6   | Killed Sonja
 15910 | Lair:6   | Found a viscous altar of Jiyva.
 15910 | Lair:6   | Found a staircase to the Slime Pits.
 15928 | Lair:6   | Reached skill level 5 in Shields
 15934 | Lair:6   | Reached XP level 14. HP: 127/140 MP: 13/13
 16538 | Lair:6   | HP: 1/141 [eight-headed hydra (10)]
 16538 | Lair:6   | Slain by an eight-headed hydra

Illustrated notes

Levels and vault maps discovered:
D:1:      onia_arrival_handbag, layout_rooms, ebering_ecumenical_altar_hall,
          minmay_lizard_pond
D:2:      layout_loops_ring
D:3:      layout_basic, old_standard_altar, grunt_dithmenos_smoke_and_mirrors
D:4:      layout_cave_pods, gammafunk_ghost_mausoleum
D:5:      layout_gridville
D:6:      layout_cave_pods, nicolae_sif_muna_condensation,
          chequers_serial_rivers_micro_b, corexii_item_surrounded_by_moat,
          uniq_duvessa
D:7:      layout_layer_cave, nzn_makhleb_speed_demon,
          minmay_temple_entry_large_hall, minivault_1, st_stairs_11,
          palyth_stone_intersect, nicolae_benzene_ring, grunt_ogre_cave
D:8:      layout_basic, nicolae_ru_sacrificial_ziggurat, dpeg_lair_monsters,
          uniq_harold, uniq_maggie, uniq_joseph
D:9:      lemuel_ice_statue, layout_basic, vehumet_crystals,
          chequers_temple_overflow_statue_of_worship, grunt_livestock,
          uniq_erolcha, uniq_grum
Temple:   nicolae_temple_god_jail
Lair:1:   layout_chaotic_city, serial_forest, infiniplex_forest_corner_1,
          infiniplex_forest_clump_double, infiniplex_forest_clump_diagonal,
          infiniplex_forest_clump_double, infiniplex_forest_lined_3,
          basic_altar, nzn_random_ring, infiniplex_staircase_pool, uniq_nergalle
Lair:2:   layout_chaotic_city, minmay_swamp_entry_reptiles,
          guppyfry_snake_entry_garden
Lair:3:   layout_cellular_growth, amcnicky_mini_pool_medium, uniq_gastronok
Lair:4:   layout_regular_city, disabler_island, grunt_megastairs_3
Lair:5:   layout_layer_cave, special_room [special_room_mythical_zoo],
          worms_lemuel
Lair:6:   grunt_lair_end_beastmaster, layout_regular_city, slime_altar_1,
          uniq_sonja

Skill      XL: |  1  2  3  4  5  6  7  8  9 10 11 12 13 14 |
---------------+-------------------------------------------+-----
Fighting       | 3 4 5 6 7 8 9 |  9.8
Unarmed Combat | 3 4 5 7 9 11 13 15 | 15.0
Dodging        | 2 3 4 5 6 7 |  7.7
Maces & Flails | 4 8 10 11 | 11.0
Evocations     | 1 |  1.1
Shields        | 2 5 |  5.2
Stealth        | |  2.7

Action                   |  1- 3 |  4- 6 |  7- 9 | 10-12 | 13-15 || total
-------------------------+-------+-------+-------+-------+-------++-------
Melee: Unarmed           |    10 |    56 |   326 |   169 |       ||   561
       Punch             |       |       |    12 |    32 |       ||    44
       Flail             |       |       |       |   345 |   558 ||   903
Throw: Throwing net      |       |       |       |     1 |       ||     1
Invok: Call Merchant     |       |       |       |     1 |       ||     1
Evoke: Wand              |       |       |       |    16 |     5 ||    21
       Condenser vane    |       |       |       |     1 |     1 ||     2
  Use: Scroll            |       |     1 |     4 |     8 |     9 ||    22
       Potion            |       |       |     1 |     6 |     3 ||    10
 Stab: Sleeping          |     1 |       |    12 |     5 |     2 ||    20
       Distracted        |       |       |     2 |     5 |     3 ||    10
Armor: Robe              |       |    11 |    92 |    49 |    88 ||   240
       Steam dragon scal |       |       |       |   106 |       ||   106
Dodge: Dodged            |     5 |    27 |   120 |   186 |   123 ||   461
Block: Tower shield      |       |       |       |   163 |   627 ||   790

Table legend: (Time is in decaauts)
 A = Elapsed time spent in this place.
 B = Non-inter-level travel time spent in this place.
 C = Inter-level travel time spent in this place.
 D = Time resting spent in this place.
 E = Time spent auto-exploring this place.
 F = Levels seen in this place.
 G = Mean time per level.
                   A        B        C        D        E       F      G
               +--------+--------+--------+--------+--------+-----+--------+
         Total |  16718 |  15787 |    931 |    622 |  11359 |  16 | 1044.9 |
       Dungeon |   8523 |   7958 |    565 |     90 |   6326 |   9 |  947.0 |
        Temple |     83 |     40 |     43 |      0 |     39 |   1 |   83.0 |
          Lair |   8111 |   7789 |    322 |    532 |   4994 |   6 | 1351.8 |
               +--------+--------+--------+--------+--------+-----+--------+

Top non-repeatable levels by time:
  Lair:5: 1946 daAuts
  Lair:3: 1650 daAuts
     D:7: 1535 daAuts
     D:8: 1359 daAuts
  Lair:1: 1310 daAuts
  Lair:4: 1145 daAuts
     D:9: 1094 daAuts
  Lair:6: 1049 daAuts
  Lair:2: 1008 daAuts
     D:4: 976 daAuts
     D:6: 943 daAuts
     D:3: 933 daAuts
     D:5: 672 daAuts
     D:2: 585 daAuts
     D:1: 423 daAuts
